 Dungeon Crawl Stone Soup version 0.29-a0-317-gd16b76e6b1 (webtiles) character file.

Game seed: 10125686712216428721

1166 sanka the Ducker (level 8, 0/62 (67) HPs)
             Began as a Gnoll Monk on Mar 30, 2022.
             Slain by a wight
             ... wielding a +5 hand axe
              (12 damage)
             ... on level 6 of the Dungeon.
             The game lasted 00:09:15 (7208 turns).

sanka the Ducker (Gnoll Monk)                       Turns: 7208, Time: 00:09:16

HP:   0/62 (67)     AC:  5    Str: 19    XL:     8   Next: 40%
MP:   12/12         EV: 15    Int: 10    God:
Gold: 313           SH:  0    Dex: 14    Spells: 13/13 levels left

rFire   . . .      SeeInvis .   r - +0 war axe
rCold   + . .      Faith    .   (no shield)
rNeg    . . .      Spirit   .   n - +2 leather armour {rC+}
rPois   .          Reflect  .   (no helmet)
rElec   .          Harm     .   (no cloak)
rCorr   .          Rampage  .   (no gloves)
Will    .....                   (no boots)
Stlth   +.........              (no amulet)
HPRegen 0.20/turn               A - +6 ring of strength
MPRegen 0.13/turn               B - ring of flight

@: confused, ambrosia-drunk, flying, drained
A: fangs 1, strong nose, distributed training
a: no special abilities


You were on level 6 of the Dungeon.
You visited 2 branches of the dungeon, and saw 7 of its levels.

You collected 313 gold pieces.


Innate Abilities, Weirdness & Mutations

You have very sharp teeth.
Your uncanny sense of smell can sniff out nearby items.
Your experience applies equally to all skills.


   Skills:
 + Level 7.3 Fighting
 + Level 3.2 Short Blades
 + Level 3.2 Long Blades
 + Level 7.3 Axes
 + Level 3.2 Maces & Flails
 + Level 3.2 Polearms
 + Level 3.2 Staves
 + Level 3.2 Slings
 + Level 3.2 Bows
 + Level 3.2 Crossbows
 + Level 3.2 Throwing
 + Level 3.2 Armour
 + Level 7.3 Dodging
 + Level 5.3 Stealth
 + Level 3.2 Shields
 + Level 3.2 Unarmed Combat
 + Level 3.2 Spellcasting
 + Level 2.6 Conjurations
 + Level 2.6 Hexes
 + Level 2.6 Summonings
 + Level 2.6 Necromancy
 + Level 2.6 Translocations
 + Level 2.6 Transmutations
 + Level 2.6 Fire Magic
 + Level 2.6 Ice Magic
 + Level 2.6 Air Magic
 + Level 2.6 Earth Magic
 + Level 2.6 Poison Magic
 + Level 3.5 Invocations
 + Level 3.2 Evocations


You had 13 spell levels left.
You didn't know any spells.
Your spell library contained the following spells:

 Spells                   Type           Power      Damage    Failure   Level
 Ignite Poison            Fire/Tmut/Pois 6%         N/A       32%         3
 Mephitic Cloud           Conj/Pois/Air  6%         N/A       32%         3
 Freezing Cloud           Conj/Ice/Air   3%         6-21      97%         5

Inventory:

Hand Weapons
 k - a +0 antimagic flail
 r - a +0 war axe (weapon)
 s - a +0 mace of draining
 y - a +2 dagger of draining
 E - a +0 halberd
Missiles
 b - 8 poisoned darts (quivered)
 v - a throwing net {=f}
 x - 2 curare-tipped darts {=f}
Armour
 n - a +2 leather armour of cold resistance (worn)
Jewellery
 i - a ring of ice
 A - a +6 ring of strength (left hand)
 B - a ring of flight (right hand)
Wands
 D - a wand of iceblast (2)
Scrolls
 l - a scroll of fear
 o - 2 scrolls of vulnerability {!r}
 t - 3 scrolls of teleportation {unknown}
 u - a scroll of torment {unknown}
 w - a scroll of blinking {unknown}
 z - a scroll of holy word {unknown}
 C - a scroll of brand weapon {unknown}
Potions
 a - a potion of berserk rage {!q}
 c - a potion of ambrosia
 d - 3 potions of mutation {unknown}
 e - 3 potions of curing {@q1}
 f - a potion of lignification {unknown}
 g - 3 potions of heal wounds {unknown}
 h - a potion of cancellation {unknown}
 j - 3 potions of resistance {unknown}
 m - 2 potions of haste {unknown}
 p - a potion of brilliance {unknown}
 q - a potion of degeneration {unknown}

Dungeon Overview and Level Annotations

Branches:
Dungeon (6/15)             Temple (1/1) D:5

Altars:
Cheibriados
Dithmenos
Elyvilon
Fedhas
Gozag
Hepliaklqana
Kikubaaqudgha
Nemelex Xobeh
Trog
Uskayaw
Vehumet
Yredelemnul
Zin
The Shining One

Annotations:
D:5 2 transporters, jmlagarto's ghost, novice DjIE

▒......▒ ▒▒▒▒▒▒.▒ ▒.▒
▒▒▒▒▒▒▒▒'▒▒ ▒.▒
..........▒ ▒.▒
..........▒▒▒▒▒▒▒▒▒.▒
....(.............▒.▒
..................▒.▒
▒▒▒....▒+▒........▒.▒
▒....
▒....gz..'.▒▒▒▒+▒▒
▒▒▒▒.
▒........▒▒..[...▒ ▒.
▒.<......▒▒...£..▒
▒▒▒▒▒▒▒▒▒▒▒......▒
▒......▒ ▒........▒
▒........▒ ........>+
∆....▒.....▒


You could see a wight.


Message History

You fly up into the air.
B - a ring of flight (right hand)
A wight comes into view. It is wielding a +5 hand axe.
There is an open door here.
You barely miss the wight. The wight hits you with a +5 hand axe!
You barely miss the wight. The wight hits you with a +5 hand axe!
You hit the wight but do no damage. The wight hits you with a +5 hand axe!
You feel drained. The wight hits you with a +5 hand axe!
* * * LOW HITPOINT WARNING * * *
You closely miss the wight. The wight hits you with a +5 hand axe!
* * * LOW HITPOINT WARNING * * *
You feel drained.
* * * LOW HITPOINT WARNING * * *
You barely miss the wight. The wight hits you with a +5 hand axe!
* * * LOW HITPOINT WARNING * * *
You hit the wight but do no damage. Your bite misses the wight.
The wight misses you. The wight hits you with a +5 hand axe.
* * * LOW HITPOINT WARNING * * *
You are confused.
You feel invigorated. The wight hits you with a +5 hand axe!
You die...

Action                   |  1- 3 |  4- 6 |  7- 9 || total
-------------------------+-------+-------+-------++-------
Melee: Hand axe          |   112 |    35 |       ||   147
       Punch             |     2 |     5 |     3 ||    10
       Bite              |    12 |    15 |    19 ||    46
       War axe           |       |    85 |   147 ||   232
Throw: Dart              |       |    10 |       ||    10
  Use: Scroll            |     2 |     1 |       ||     3
       Potion            |       |       |     2 ||     2
 Stab: Sleeping          |    10 |     4 |     4 ||    18
       Distracted        |       |       |     1 ||     1
Armor: Robe              |     7 |       |       ||     7
       Leather armour    |     3 |    37 |    40 ||    80
Dodge: Dodged            |    74 |   100 |   125 ||   299

Levels and vault maps discovered:
D:1:      mrwooster_arrival_statue_3, layout_basic, basic_ecumenical_altar,
          st_stairs_3
D:2:      layout_basic, basic_altar
D:3:      layout_basic, lemuel_doored_altar, lemuel_tele_altar,
          amcnicky_altar_gilded, chequers_garden, minivault_5,
          chequers_serial_rivers_marsh, minivault_14, grunt_decor_mini_mirrors,
          st_stairs_7
D:4:      cheibrodos_thug_alley, layout_cave_pools, uniq_eustachio
D:5:      layout_basic, nicolae_gozag_conspicuous_consumption,
          minmay_temple_entry_glassed_door, gammafunk_ghost_gnarly_gnolls,
          uniq_ijyb
D:6:      layout_basic, mainiacjoe_overflow_large_starburst, fiery_altar_vehumet
Temple:   dpeg_three_leaves_temple

Notes
Turn   | Place    | Note
-------+----------+-------------------------------------------
     0 | D:1      | sanka the Gnoll Monk began the quest for the Orb.
     0 | D:1      | Reached XP level 1. HP: 23/23 MP: 1/1
    43 | D:1      | Reached XP level 2. HP: 18/29 MP: 0/2
   504 | D:1      | Reached XP level 3. HP: 34/35 MP: 3/3
   527 | D:1      | Found a faded altar of an unknown god.
  1098 | D:2      | Found a sparkling altar of Nemelex Xobeh.
  1115 | D:2      | Reached skill level 1 in Invocations
  1369 | D:2      | Reached skill level 1 in Short Blades
  1369 | D:2      | Reached skill level 1 in Long Blades
  1369 | D:2      | Reached skill level 1 in Maces & Flails
  1369 | D:2      | Reached skill level 1 in Polearms
  1369 | D:2      | Reached skill level 1 in Staves
  1369 | D:2      | Reached skill level 1 in Slings
  1369 | D:2      | Reached skill level 1 in Bows
  1369 | D:2      | Reached skill level 1 in Crossbows
  1369 | D:2      | Reached skill level 1 in Throwing
  1369 | D:2      | Reached skill level 1 in Armour
  1369 | D:2      | Reached skill level 1 in Shields
  1369 | D:2      | Reached skill level 1 in Unarmed Combat
  1369 | D:2      | Reached skill level 1 in Spellcasting
  1369 | D:2      | Reached skill level 1 in Evocations
  2306 | D:3      | Found a bloodstained altar of Trog.
  2364 | D:3      | Reached XP level 4. HP: 24/41 MP: 5/5
  3014 | D:3      | Found a blossoming altar of Fedhas.
  3057 | D:3      | Reached skill level 1 in Conjurations
  3057 | D:3      | Reached skill level 1 in Hexes
  3057 | D:3      | Reached skill level 1 in Summonings
  3057 | D:3      | Reached skill level 1 in Necromancy
  3057 | D:3      | Reached skill level 1 in Translocations
  3057 | D:3      | Reached skill level 1 in Transmutations
  3057 | D:3      | Reached skill level 1 in Fire Magic
  3057 | D:3      | Reached skill level 1 in Ice Magic
  3057 | D:3      | Reached skill level 1 in Air Magic
  3057 | D:3      | Reached skill level 1 in Earth Magic
  3057 | D:3      | Reached skill level 1 in Poison Magic
  3059 | D:3      | Reached XP level 5. HP: 21/47 MP: 6/6
  3496 | D:3      | Found a hide-covered altar of Uskayaw.
  3720 | D:4      | Noticed Eustachio
  3760 | D:3      | Killed Eustachio
  3761 | D:3      | Reached skill level 2 in Invocations
  3761 | D:3      | Reached XP level 6. HP: 14/53 MP: 8/8
  4314 | D:4      | Reached skill level 2 in Short Blades
  4314 | D:4      | Reached skill level 2 in Long Blades
  4314 | D:4      | Reached skill level 2 in Maces & Flails
  4314 | D:4      | Reached skill level 2 in Polearms
  4314 | D:4      | Reached skill level 2 in Staves
  4314 | D:4      | Reached skill level 2 in Slings
  4314 | D:4      | Reached skill level 2 in Bows
  4314 | D:4      | Reached skill level 2 in Crossbows
  4314 | D:4      | Reached skill level 2 in Throwing
  4314 | D:4      | Reached skill level 2 in Armour
  4314 | D:4      | Reached skill level 2 in Shields
  4314 | D:4      | Reached skill level 2 in Unarmed Combat
  4314 | D:4      | Reached skill level 2 in Spellcasting
  4314 | D:4      | Reached skill level 2 in Evocations
  4710 | D:4      | Reached XP level 7. HP: 36/57 MP: 10/10
  4895 | D:5      | Entered Level 5 of the Dungeon
  4989 | D:5      | Reached skill level 7 in Fighting
  4989 | D:5      | Reached skill level 7 in Axes
  4989 | D:5      | Reached skill level 7 in Dodging
  5006 | D:5      | Reached skill level 2 in Conjurations
  5006 | D:5      | Reached skill level 2 in Hexes
  5006 | D:5      | Reached skill level 2 in Summonings
  5006 | D:5      | Reached skill level 2 in Necromancy
  5006 | D:5      | Reached skill level 2 in Translocations
  5006 | D:5      | Reached skill level 2 in Transmutations
  5006 | D:5      | Reached skill level 2 in Fire Magic
  5006 | D:5      | Reached skill level 2 in Ice Magic
  5006 | D:5      | Reached skill level 2 in Air Magic
  5006 | D:5      | Reached skill level 2 in Earth Magic
  5006 | D:5      | Reached skill level 2 in Poison Magic
  5371 | D:5      | Reached skill level 5 in Stealth
  5520 | D:5      | Reached skill level 3 in Invocations
  5600 | D:5      | Found a staircase to the Ecumenical Temple.
  5636 | Temple   | Entered the Ecumenical Temple
  5823 | D:4      | HP: 6/60 [gnoll/+0 club (2)]
  6286 | D:5      | Found an opulent altar of Gozag.
  6306 | D:5      | Found an opulent altar of Gozag.
  6306 | D:5      | Found an opulent altar of Gozag.
  6313 | D:5      | Found an opulent altar of Gozag.
  6361 | D:5      | Noticed jmlagarto's ghost (novice DjIE)
  6414 | D:5      | Reached XP level 8. HP: 67/67 MP: 12/12
  6422 | D:5      | Reached skill level 3 in Short Blades
  6422 | D:5      | Reached skill level 3 in Long Blades
  6422 | D:5      | Reached skill level 3 in Maces & Flails
  6422 | D:5      | Reached skill level 3 in Polearms
  6422 | D:5      | Reached skill level 3 in Staves
  6422 | D:5      | Reached skill level 3 in Slings
  6422 | D:5      | Reached skill level 3 in Bows
  6422 | D:5      | Reached skill level 3 in Crossbows
  6422 | D:5      | Reached skill level 3 in Throwing
  6422 | D:5      | Reached skill level 3 in Armour
  6422 | D:5      | Reached skill level 3 in Shields
  6422 | D:5      | Reached skill level 3 in Unarmed Combat
  6422 | D:5      | Reached skill level 3 in Spellcasting
  6422 | D:5      | Reached skill level 3 in Evocations
  6516 | D:5      | Noticed Ijyb
  6519 | D:5      | Killed Ijyb
  6647 | D:5      | Found a transporter.
  6648 | D:5      | Found a transporter.
  7071 | D:6      | Found a radiant altar of Vehumet.
  7204 | D:6      | HP: 3/62 [wight/+5 hand axe (10)]
  7208 | D:6      | Slain by a wight

Vanquished Creatures
  Eustachio (D:3)
  2 ice beasts
  A centaur (D:5)
  A phantom (D:6)
  A kobold brigand (D:4)
  2 necrophages
  A scorpion (D:5)
  2 jellies (D:5)
  2 orc priests
  A gnoll shaman (D:5)
  An iguana (D:5)
  Ijyb (D:5)
  An orc wizard (D:5)
  4 gnolls
  8 adders
  An ufetubus (D:5)
  3 dart slugs
  13 orcs
  4 bats
  5 endoplasms
  3 giant cockroaches
  9 goblins
  10 hobgoblins
  4 jackals (D:5)
  12 kobolds
  2 quokkas
  3 ball pythons
  2 frilled lizards (D:1)
  5 rats
105 creatures vanquished.

Vanquished Creatures (others)
  6 plants (D:5)
6 creatures vanquished.

Grand Total: 111 creatures vanquished
